 Dungeon Crawl Stone Soup version 0.29-a0-982-gaed3a0c8d8 (webtiles) character file.

Game seed: 611786644702644734

4736 porpoise the Cleaver (level 10, -1/79 HPs)
             Began as a Formicid Gladiator on Aug 2, 2022.
             Was an Initiate of Ru.
             Killed from afar by an electric eel (11 damage)
             ... with a bolt of electricity
             ... on level 9 of the Dungeon.
             The game lasted 00:34:32 (10301 turns).

porpoise the Cleaver (Formicid Gladiator)          Turns: 10301, Time: 00:34:33

Health: -1/79      AC: 12    Str: 19    XL:     10   Next: 74%
Magic:  10/10      EV: 11    Int: 10    God:    Ru [......]
Gold:   321        SH: 11    Dex: 23    Spells: 9/9 levels left

rFire   . . .      SeeInvis +   a - +1 war axe
rCold   . . .      Faith    .   l - +2 buckler
rNeg    . . .      Spirit   .   k - +2 scale mail {rPois}
rPois   +          Reflect  +   (helmet unavailable)
rElec   .          Harm     .   (no cloak)
rCorr   .          Rampage  .   z - +0 pair of gloves
Will    +....                   F - +0 pair of boots
Stlth   +++.......              x - amulet of reflection
HPRegen 0.23/turn               h - +6 ring of dexterity
MPRegen 0.12/turn               i - ring of flight

@: flying
A: permanent stasis, dig shafts and tunnels, antennae 3, four strong arms
a: Dig, Shaft Self, Renounce Religion


You were on level 9 of the Dungeon.
You worshipped Ru.
Ru was noncommittal.
You visited 2 branches of the dungeon, and saw 10 of its levels.

You collected 321 gold pieces.

Inventory:

Hand Weapons
 a - a +1 war axe (weapon)
 b - a +0 sling
 g - a +0 trident
 w - a +1 dagger of draining
 y - a +2 whip of freezing
Missiles
 c - 2 throwing nets (quivered)
 d - a javelin
 f - 10 poisoned darts
 A - 4 atropa-tipped darts
Armour
 k - a +2 scale mail of poison resistance (worn)
 l - a +2 buckler (worn)
 z - a +0 pair of gloves (worn)
 C - +0 steam dragon scales
 F - a +0 pair of boots (worn)
 G - a +1 ring mail of cold resistance
Magical Staves
 t - a staff of conjuration
Jewellery
 h - a +6 ring of dexterity (left hand)
 i - a ring of flight (right hand)
 x - an amulet of reflection (around neck)
 I - an amulet of magic regeneration
Wands
 o - a wand of flame (9)
 q - a wand of iceblast (12)
 s - a wand of acid (2)
 u - a wand of polymorph (11)
 v - a wand of charming (1)
Scrolls
 m - a scroll of enchant armour
 n - a scroll of amnesia
 r - a scroll of fog
 D - a scroll of vulnerability
 E - a scroll of noise
 H - a scroll of identify
 J - a scroll of enchant weapon
Potions
 e - a potion of magic
 j - 5 potions of curing
 p - a potion of lignification
 B - 2 potions of flight


   Skills:
 - Level 7.0 Fighting
 * Level 11.5 Axes
 - Level 2.0 Throwing
 + Level 6.3 Armour
 - Level 2.6 Dodging
 - Level 7.0 Stealth
 + Level 0.8 Evocations


You had 9 spell levels left.
You didn't know any spells.
Your spell library contained the following spells:

 Spells                   Type           Power      Damage    Failure   Level
 Apportation              Tloc           0%         N/A       78%         1
 Slow                     Hex            0%         N/A       78%         1
 Sting                    Tmut/Pois      0%         1d3       78%         1
 Summon Small Mammal      Summ           0%         N/A       78%         1
 Poisonous Vapours        Pois/Air       0%         N/A       89%         2
 Static Discharge         Conj/Air       0%         3-3/arc   89%         2
 Call Canine Familiar     Summ           0%         N/A       98%         3
 Confusing Touch          Hex            0%         N/A       98%         3
 Gell's Gravitas          Tloc           0%         N/A       98%         3
 Lesser Beckoning         Tloc           0%         N/A       98%         3
 Portal Projectile        Hex/Tloc       0%         N/A       98%         3
 Summon Guardian Golem    Hex/Summ       0%         N/A       98%         3
 Teleport Other           Tloc           0%         N/A       98%         3
 Vampiric Draining        Necr           0%         2d6       98%         3
 Dispel Undead            Necr           0%         3d6       100%        4
 Hailstorm                Conj/Ice       0%         3d3       100%        4
 Ice Form                 Ice/Tmut       0%         N/A       100%        4
 Leda's Liquefaction      Hex/Erth       0%         N/A       100%        4
 Olgreb's Toxic Radiance  Pois           0%         N/A       100%        4
 Passage of Golubria      Tloc           0%         N/A       100%        4
 Sticky Flame             Conj/Fire      0%         2d3       100%        4
 Summon Ice Beast         Ice/Summ       0%         N/A       100%        4
 Alistair's Intoxication  Tmut/Pois      0%         N/A       100%        5
 Manifold Assault         Tloc           0%         N/A       100%        5
 Silence                  Hex/Air        0%         N/A       100%        5
 Summon Mana Viper        Hex/Summ       0%         N/A       100%        5
 Dispersal                Tloc           0%         N/A       100%        6
 Simulacrum               Ice/Necr       0%         N/A       100%        6
 Monstrous Menagerie      Summ           0%         N/A       100%        7
 Orb of Destruction       Conj           0%         9d5       100%        7
 Spellforged Servitor     Conj/Summ      0%         N/A       100%        7
 Storm Form               Tmut/Air       0%         N/A       100%        7
 Lehudib's Crystal Spear  Conj/Erth      0%         10d2      100%        8
 Blink                    Tloc           Unusable   N/A       N/A         2

Dungeon Overview and Level Annotations

Branches:
Dungeon (9/15)             Temple (1/1) D:4
   Lair: D:8-11         Orc: D:9-12

Altars:
Ashenzari
Cheibriados
Dithmenos
Elyvilon
Fedhas
Gozag
Hepliaklqana
Kikubaaqudgha
Makhleb
Nemelex Xobeh
Okawaru
Qazlal
Ru
Sif Muna
Trog
Uskayaw
Vehumet
Wu Jian
Xom
Yredelemnul
Zin
The Shining One

Shops:
D:4 [


Innate Abilities, Weirdness & Mutations

You cannot be hasted, slowed, berserked, paralysed or teleported.
You can dig through walls and to a lower floor.
You have a pair of large antennae on your head. (SInv)
Your four strong arms can wield two-handed weapons with a shield.


Message History

You kill the electric eel!
You hear a splash.
I - an amulet of magic regeneration
There is a fountain of clear blue water here.
An electric eel comes into view.
You see here an Inescapable Atlas.
You pick up an Inescapable Atlas and begin reading...
You add the spell Storm Form to your library.
The electric eel shoots out a bolt of lightning at you!
The bolt of electricity hits you!
The electric eel shoots out a bolt of lightning at you!
The bolt of electricity hits you!
The electric eel shoots out a bolt of lightning at you!
The bolt of electricity hits you!
The electric eel shoots out a bolt of lightning at you!
The bolt of electricity hits you!
You are too injured to fight recklessly!
You are too injured to fight recklessly!
You hit the electric eel but do no damage.
The electric eel shoots out a bolt of lightning at you!
The bolt of electricity hits you!
* * * LOW HITPOINT WARNING * * *
You closely miss the electric eel. You hit the electric eel.
The electric eel is lightly wounded.
You hit the electric eel.
The electric eel is lightly wounded.
The electric eel shoots out a bolt of lightning at you!
The bolt of electricity hits you!
* * * LOW HITPOINT WARNING * * *
You miss the electric eel.
The electric eel is lightly wounded.
The electric eel shoots out a bolt of lightning at you!
The bolt of electricity hits you.
* * * LOW HITPOINT WARNING * * *
You barely miss the electric eel.
The electric eel is lightly wounded.
The electric eel shoots out a bolt of lightning at you!
The bolt of electricity hits you!
You die...

#...# ##.≈..≈
#.#.##..≈⌠≈...≈⌠≈..##
....#.†..≈..≈..≈..≈.#
.....≈⌠≈...≈⌠≈...≈⌠≈#
#.....≈..≈.(≈..≈..≈.#
#.#.#...≈⌠≈...≈⌠≈...#
#+#.#.≈..≈..≈..≈..≈.##
#.#≈⌠≈...≈⌠≈...S⌠≈.#
###...≈..≈..≈..≈@.≈..#
+.>.....≈⌠≈...≈⌠≈..#.#
###...##.≈..≈..≈..#..#
...........≈⌠≈..#...##
###.#..#....≈.##..###
...#..#.#.......##
.........#########
#.......## ..#.....#


You could see an electric eel.

Vanquished Creatures
  A two-headed ogre (D:8)
  Joseph (D:8)
  A vampire (D:9)
  3 yaks (D:6)
  A steam dragon (D:7)
  Edmund (D:5)
  A water moccasin (D:8)
  2 ice beasts
  2 sky beasts (D:7)
  A black bear (D:5)
  An orc warrior (D:8)
  2 ogres
  2 centaurs
  A phantom (D:5)
  Blork the orc (D:5)
  2 bullfrogs
  2 gnoll sergeants (D:7)
  A scorpion (D:4)
  A killer bee (D:7)
  An electric eel (D:9)
  12 howler monkeys
  3 orc priests
  4 hounds
  A jelly (D:5)
  Ijyb (D:3)
  Jessica (D:2)
  6 iguanas
  5 orc wizards
  Natasha (thrice) (D:3)
  Robin (D:2)
  9 gnolls (D:7)
  6 adders
  A shadow imp (D:6)
  A white imp (D:7)
  A worm (D:2)
  3 dart slugs
  28 orcs
  6 ball pythons
  11 endoplasms
  3 giant cockroaches
  12 goblins
  8 hobgoblins
  2 jackals (D:4)
  5 kobolds
  7 quokkas
  3 bats
  3 frilled lizards
  2 rats
176 creatures vanquished.

Vanquished Creatures (collateral kills)
  A killer bee (D:7)
  A howler monkey (D:7)
2 creatures vanquished.

Vanquished Creatures (others)
  2 killer bees (D:7)
2 creatures vanquished.

Grand Total: 180 creatures vanquished

Notes
Turn   | Place    | Note
-------+----------+-------------------------------------------
     0 | D:1      | porpoise the Formicid Gladiator began the quest for the
                  | Orb.
     0 | D:1      | Reached XP level 1. HP: 16/16 MP: 1/1
   227 | D:1      | Reached XP level 2. HP: 22/23 MP: 2/2
   809 | D:2      | Reached XP level 3. HP: 27/28 MP: 3/3
   891 | D:2      | Reached skill level 4 in Axes
  1229 | D:2      | Reached XP level 4. HP: 35/35 MP: 4/4
  1415 | D:2      | Noticed Robin
  1425 | D:2      | Killed Robin
  1438 | D:2      | Reached XP level 5. HP: 27/41 MP: 5/5
  1548 | D:2      | Found a faded altar of an unknown god.
  1571 | D:2      | Noticed Jessica
  1574 | D:2      | Found a basalt altar of Yredelemnul.
  1579 | D:2      | Killed Jessica
  1947 | D:3      | Noticed Ijyb
  1965 | D:3      | Killed Ijyb
  1966 | D:3      | Reached skill level 5 in Axes
  2174 | D:3      | Reached XP level 6. HP: 33/48 MP: 6/6
  2415 | D:3      | Found a hazy altar of Hepliaklqana.
  2483 | D:3      | Noticed Natasha
  2490 | D:3      | Killed Natasha
  2932 | D:3      | Noticed Natasha
  2936 | D:3      | Killed Natasha
  3260 | D:3      | Noticed Natasha
  3267 | D:3      | Killed Natasha
  3319 | D:4      | Reached skill level 6 in Axes
  3525 | D:4      | Found a glowing silver altar of Zin.
  4135 | D:4      | Reached XP level 7. HP: 27/53 MP: 7/7
  4308 | D:4      | Found a staircase to the Ecumenical Temple.
  4312 | D:4      | Reached skill level 1 in Stealth
  4340 | Temple   | Entered the Ecumenical Temple
  4842 | D:4      | Found Isiex's Armour Shop.
  5107 | D:4      | Reached skill level 5 in Fighting
  5473 | D:5      | Entered Level 5 of the Dungeon
  5504 | D:5      | Reached skill level 7 in Axes
  5777 | D:5      | Noticed Edmund
  5783 | D:5      | Reached XP level 8. HP: 63/63 MP: 8/8
  5792 | D:5      | Killed Edmund
  6312 | D:5      | Reached skill level 1 in Armour
  6375 | D:5      | Reached skill level 8 in Axes
  6467 | D:5      | Noticed Blork the orc
  6485 | D:5      | Killed Blork the orc
  6945 | D:6      | Noticed a yak
  6947 | D:6      | Noticed a yak
  6951 | D:6      | Noticed a yak
  6962 | D:6      | Killed a yak
  6963 | D:6      | Reached XP level 9. HP: 71/71 MP: 9/9
  6975 | D:6      | Reached skill level 9 in Axes
  7488 | D:6      | Found a shimmering blue altar of Sif Muna.
  7489 | D:6      | Found an ancient bone altar of Kikubaaqudgha.
  7490 | D:6      | Found a radiant altar of Vehumet.
  7496 | D:6      | Got Sif Muna's Volume of Production
  7628 | D:7      | Found a white marble altar of Elyvilon.
  8064 | D:7      | Reached skill level 5 in Stealth
  8131 | D:7      | Reached skill level 10 in Axes
  8149 | D:7      | HP: 2/72 [gnoll/+0 halberd[a gnoll sergeant] (2)]
  8478 | D:7      | Reached XP level 10. HP: 72/79 MP: 10/10
  8738 | D:7      | Reached skill level 5 in Armour
  8970 | D:8      | Noticed Joseph
  8996 | D:8      | Killed Joseph
  9230 | D:8      | Found a broken altar of Ashenzari.
  9230 | D:8      | Found an iron altar of Okawaru.
  9231 | D:8      | Found a sacrificial altar of Ru.
  9232 | D:8      | Found a hide-covered altar of Uskayaw.
  9234 | D:8      | Found a sparkling altar of Nemelex Xobeh.
  9235 | D:8      | Found a blossoming altar of Fedhas.
  9235 | D:8      | Found a bloodstained altar of Trog.
  9236 | D:8      | Found a snail-covered altar of Cheibriados.
  9248 | D:8      | Became a worshipper of Ru the Awakened
  9551 | D:8      | Reached skill level 11 in Axes
  9686 | D:8      | Noticed a two-headed ogre
  9697 | D:8      | Killed a two-headed ogre
 10301 | D:9      | Killed from afar by an electric eel

Illustrated notes

Levels and vault maps discovered:
D:1:      ncdulo_lavacross, layout_basic
D:2:      layout_rooms, hellmonk_ecumenical_altar_inner_sanctum, basic_altar,
          uniq_jessica, uniq_robin
D:3:      layout_loops_ring, lemuel_tele_altar, kennysheep_donut,
          kennysheep_nub, uniq_natasha, uniq_ijyb
D:4:      minmay_razor_zed, layout_loops_ring, overflow_temple_1_default,
          minmay_temple_entry_sparse_star, serial_shops, kennysheep_mini_moat
D:5:      layout_basic, st_stairs_2, reono_crystal_passage, uniq_blork_the_orc,
          uniq_edmund
D:6:      layout_rooms, grunt_temple_overflow_magic_moments
D:7:      layout_basic, elyvilon_altar_1
D:8:      layout_loops_cross, grunt_temple_overflow_open, minivault_24,
          uniq_joseph
D:9:      nicolae_cairo_tiling_large, layout_rooms, minmay_lair_entry_grove,
          gammafunk_ghost_grave, kennysheep_doodads
Temple:   hellmonk_temple_flake

Skill      XL: |  1  2  3  4  5  6  7  8  9 10 |
---------------+-------------------------------+-----
Fighting       | 3 4 5 6 7 |  7.0
Axes           | 4 5 6 7 8 10 11 | 11.5
Stealth        | 3 5 7 |  7.0
Armour         | 2 4 6 |  6.3
Throwing       | |  2.0
Dodging        | |  2.6
Evocations     | |  0.8

Action                   |  1- 3 |  4- 6 |  7- 9 | 10-12 || total
-------------------------+-------+-------+-------+-------++-------
Melee: War axe           |    65 |   141 |   284 |   135 ||   625
       Punch             |     1 |     4 |     9 |       ||    14
 Fire: Sling             |     2 |     9 |    11 |     4 ||    26
Throw: Throwing net      |       |       |       |     1 ||     1
Evoke: Wand              |       |       |     4 |     2 ||     6
  Use: Scroll            |       |     8 |     9 |     1 ||    18
       Potion            |       |       |     8 |       ||     8
 Stab: Invisible         |       |       |     1 |       ||     1
       Sleeping          |       |       |     5 |     4 ||     9
Armor: Scale mail        |    31 |    35 |    79 |    24 ||   169
       Skin              |       |       |    23 |       ||    23
Dodge: Dodged            |    30 |    87 |   131 |    44 ||   292
Block: Other             |       |    15 |    60 |       ||    75
       Reflection        |       |       |     2 |       ||     2
       Buckler           |       |       |     4 |    61 ||    65

Table legend: (Time is in decaauts)
 A = Elapsed time spent in this place.
 B = Non-inter-level travel time spent in this place.
 C = Inter-level travel time spent in this place.
 D = Time resting spent in this place.
 E = Time spent auto-exploring this place.
 F = Levels seen in this place.
 G = Mean time per level.
                   A        B        C        D        E       F      G
               +--------+--------+--------+--------+--------+-----+--------+
         Total |  10379 |   9889 |    490 |   3571 |   4455 |  10 | 1037.9 |
       Dungeon |  10208 |   9728 |    480 |   3553 |   4321 |   9 | 1134.2 |
        Temple |    170 |    160 |     10 |     18 |    134 |   1 |  170.0 |
               +--------+--------+--------+--------+--------+-----+--------+

Top non-repeatable levels by time:
     D:4: 2035 daAuts
     D:3: 1404 daAuts
     D:7: 1328 daAuts
     D:5: 1239 daAuts
     D:2: 1132 daAuts
     D:8: 994 daAuts
     D:6: 899 daAuts
     D:1: 793 daAuts
     D:9: 381 daAuts
  Temple: 170 daAuts
